 Dungeon Crawl Stone Soup version 0.31-a0-858-g469dc525a8 (webtiles) character file.

Game seed: 5895341653771996977

156 BinkBink the Covered (level 5, -9/33 HPs)
             Began as a Gargoyle Fighter on Oct 9, 2023.
             Killed by divine providence
             ... invoked by an orc priest
              (12 damage)
             ... on level 3 of the Dungeon.
             The game lasted 00:02:56 (2232 turns).

BinkBink the Covered (Gargoyle Fighter)             Turns: 2232, Time: 00:02:57

Health: -9/33      AC: 12    Str: 22    XL:     5   Next: 37%
Magic:  0/5        EV:  9    Int:  8    God:
Gold:   139        SH:  4    Dex:  9    Spells: 4/4 levels left

rFire   . . .        p - +0 morningstar
rCold   . . .        c - +0 buckler
rNeg    + . .        b - +0 scale mail
rPois   ∞            (no helmet)
rElec   +            (no cloak)
rCorr   .            (no gloves)
SInv    .            n - +0 pair of boots
Will    .....        m - amulet of guardian spirit Stlth
                     (no ring)
HPRegen 0.25/turn    (no ring)
MPRegen 0.09/turn

%: guardian spirit
@: no status effects
A: sickness immunity, AC +4, negative energy resistance 1, electricity
resistance, torment resistance 1, petrification resistance
a: no special abilities


You were on level 3 of the Dungeon.
You visited 1 branch of the dungeon, and saw 3 of its levels.

You collected 139 gold pieces.

Inventory:

Hand Weapons
 p - a +0 morningstar (weapon)
Armour
 b - a +0 scale mail (worn)
 c - a +0 buckler (worn)
 n - a +0 pair of boots (worn)
Jewellery
 m - an amulet of guardian spirit (around neck)
Scrolls
 e - a scroll of immolation {unknown}
 f - a scroll of brand weapon {unknown}
 h - a scroll of enchant armour {unknown}
 i - 2 scrolls of silence {unknown}
 k - 4 scrolls of identify {unknown}
 o - a scroll of enchant weapon {unknown}
Potions
 d - 2 potions of might
 g - 2 potions of cancellation {unknown}
 j - a potion of attraction {unknown}
 l - a potion of heal wounds {unknown}


   Skills:
 + Level 4.0 Fighting
 * Level 3.5 Maces & Flails
 + Level 4.0 Armour
 + Level 1.3 Dodging
 + Level 3.9 Shields


You had 4 spell levels left.
You didn't know any spells.
Your spell library contained the following spells:

 Spells                   Type           Power      Damage    Failure   Level
 Freeze                   Ice            0%         1d3       80%         1
 Shock                    Conj/Air       0%         1d3       80%         1
 Frozen Ramparts          Ice            0%         1d1       99%         3
 Gell's Gravitas          Tloc           0%         N/A       99%         3
 Hailstorm                Conj/Ice       0%         3d3       99%         3
 Ozocubu's Armour         Ice            0%         N/A       99%         3
 Swiftness                Air            0%         N/A       99%         3
 Teleport Other           Tloc           0%         N/A       99%         3
 Airstrike                Air            0%         2d(0-16)  100%        4
 Metabolic Englaciation   Hex/Ice        0%         N/A       100%        5
 Dispersal                Tloc           0%         N/A       100%        6
 Simulacrum               Ice/Necr       0%         N/A       100%        6
 Ozocubu's Refrigeration  Ice            0%         4d7       100%        7
 Polar Vortex             Ice            0%         N/A       100%        9


Dungeon Overview and Level Annotations

Branches:
Dungeon (3/15)

Altars:


Innate Abilities, Weirdness & Mutations

You are immune to sickness and miasma.
Your stone body is resilient. (AC +4)
You are immune to poison.
You resist negative energy. (rN+)
You are resistant to electric shocks. (rElec)
You are resistant to unholy torment.
You are immune to petrification.


Message History

You puncture the giant cockroach!
You kill the giant cockroach!
No target in view!
No target in view!
Found a dagger.
An orc comes into view. It is wielding a +0 mace.
The orc shouts!
You hear a shout!
An orc comes into view. It is wielding a +0 flail.
The orc moves out of view.
An orc is nearby!
An orc is nearby!
An orc and an orc priest come into view.
The orc shouts! x2
An orc priest comes into view. It is wielding a +0 club.
A hobgoblin comes into view.
The hobgoblin shouts!
The orc priest shouts!
The orc hits you but does no damage.
You closely miss the orc priest. You block the orc priest's attack.
You block the orc's attack.
You completely miss the orc priest.
The orc priest hits you with a +0 dagger.
You block the orc priest's attack.
You hit the orc priest.
The orc priest is moderately wounded.
The orc priest closely misses you. The orc barely misses you.
The orc priest invokes the aid of Beogh against you.
Beogh smites you!
You sock the orc priest!
The orc priest is almost dead.
The orc priest hits you but does no damage.
You block the orc's attack.
The orc priest calls down the wrath of Beogh upon you.
Beogh smites you!
* * * LOW HITPOINT WARNING * * *
You closely miss the orc priest.
The orc priest is almost dead.
The orc priest begins to cast a cantrip, but forgets the words!
The orc priest mumbles some strange prayers to Beogh against you.
Beogh smites you!
You die...

### #.. ..#
########### #.# #.#
......g...# #.# #.#
##....o##.####.###.#
.....ooo@.......##.#
#.....o##.####..##.#
#### .....## #.#
#..##.# #... #...
#.# ##...#.# #.##
... ..# #..#...# #.#
## ### #.###†## #.#
#..#..# #.## ##...##
#... #.### #...


You could see 2 orc priests and 3 orcs.

Vanquished Creatures
  An iguana (D:3)
  Robin (D:2)
  3 adders
  A gnoll (D:2)
  A worm (D:2)
  3 dart slugs
  2 orcs (D:3)
  2 endoplasms
  2 giant cockroaches
  8 hobgoblins
  4 quokkas
  7 ball pythons
  10 bats
  2 frilled lizards
  13 goblins
  7 kobolds
  3 rats
70 creatures vanquished.

Notes
Turn   | Place    | Note
-------+----------+-------------------------------------------
     0 | D:1      | BinkBink the Gargoyle Fighter began the quest for the Orb.
     0 | D:1      | Reached XP level 1. HP: 14/14 MP: 1/1
    83 | D:1      | Reached XP level 2. HP: 9/19 MP: 2/2
   483 | D:1      | Reached XP level 3. HP: 23/23 MP: 3/3
   754 | D:2      | Noticed Robin
   867 | D:2      | Killed Robin
   879 | D:2      | Reached XP level 4. HP: 16/28 MP: 4/4
   979 | D:2      | Reached skill level 1 in Dodging
   994 | D:2      | Found a faded altar of an unknown god.
  1459 | D:2      | Reached XP level 5. HP: 31/33 MP: 5/5
  2232 | D:3      | Killed from afar by an orc priest

Illustrated notes

Levels and vault maps discovered:
D:1:      amcnicky_arrival_underground_garden, layout_loops_ring
D:2:      layout_rooms, hellmonk_ecumenical_altar_pennies_from_heaven,
          minmay_distorted, uniq_robin
D:3:      layout_loops_corners, jmf_multi_god_temple2

Skill      XL: |  1  2  3  4  5 |
---------------+----------------+-----
Maces & Flails | 3 |  3.5
Dodging        | 1 |  1.3
Fighting       | 4 |  4.0
Armour         | 4 |  4.0
Shields        | |  3.9

Action                     |  1- 3 |  4- 6 || total
---------------------------+-------+-------++-------
  Melee: Flail             |   146 |    92 ||   238
         Morningstar       |       |    16 ||    16
 Armour: Scale mail        |   214 |    81 ||   295
  Dodge: Dodged            |   126 |    59 ||   185
  Block: Buckler           |    53 |    34 ||    87

Table legend: (Time is in decaauts)
 A = Elapsed time spent in this place.
 B = Non-inter-level travel time spent in this place.
 C = Inter-level travel time spent in this place.
 D = Time resting spent in this place.
 E = Time spent auto-exploring this place.
 F = Levels seen in this place.
 G = Mean time per level.
                   A        B        C        D        E       F      G
               +--------+--------+--------+--------+--------+-----+--------+
         Total |   2312 |   2256 |     56 |     69 |   1633 |   3 |  770.7 |
       Dungeon |   2312 |   2256 |     56 |     69 |   1633 |   3 |  770.7 |
               +--------+--------+--------+--------+--------+-----+--------+

Top non-repeatable levels by time:
     D:1: 861 daAuts
     D:2: 760 daAuts
     D:3: 690 daAuts
